 Dungeon Crawl Stone Soup version 0.26-a0-163-g6c8a0bf695 (webtiles) character file.

Game seed: 8175774628351287001

4074 GordonOverkill the Grappler (level 10, -2/53 HPs)
             Began as a Vine Stalker Gladiator on July 3, 2020.
             Was a High Priest of Okawaru.
             Slain by a two-headed ogre
             ... wielding a +0 giant spiked club
              (11 damage)
             ... on level 8 of the Dungeon.
             The game lasted 00:15:43 (6429 turns).

GordonOverkill the Grappler (VSGl)                  Turns: 6429, Time: 00:15:44

Health: -2/53      AC: 10    Str: 20      XL:     10   Next: 25%
Magic:  0/15       EV:  4    Int:  8      God:    Okawaru [*****.]
Gold:   448        SH: 14    Dex: 15 (16) Spells: 9/9 levels left

rFire    . . .     SeeInvis .     - Unarmed
rCold    . . .     Faith    .   B - +0 tower shield
rNeg     . . .     Spirit   +   l - +0 chain mail
rPois    .         Reflect  .   b - +0 helmet
rElec    .         Harm     .   (no cloak)
rCorr    .                      h - +0 pair of gloves (curse)
MR       +....                  (no boots)
Stlth    ..........             v - amulet of magic regeneration
HPRegen  0.57/turn              (no ring)
MPRegen  0.39/turn              (no ring)

@: no status effects
A: fangs 3, regeneration 1, magic shield, antimagic bite, no potion heal 3, rot
immunity
a: Heroism, Finesse, Renounce Religion


You were on level 8 of the Dungeon.
You worshipped Okawaru.
Okawaru was extremely pleased with you.
You were not hungry.

You visited 1 branch of the dungeon, and saw 8 of its levels.

You collected 448 gold pieces.

Inventory:

Missiles
 f - 205 stones (quivered)
 j - 5 silver javelins
 t - 4 boomerangs
Armour
 b - a +0 helmet (worn)
 h - a cursed +0 pair of gloves (worn)
 l - a +0 chain mail (worn)
 B - a +0 tower shield (worn)
Jewellery
 a - an uncursed ring of ice
 v - an amulet of magic regeneration (around neck)
Wands
 u - a wand of random effects (10)
 E - a wand of clouds (3)
Scrolls
 e - 4 scrolls of identify
 g - 4 scrolls of fog
 k - 5 scrolls of teleportation
 n - a scroll of remove curse {unknown}
 o - a scroll of amnesia
 r - a scroll of enchant armour {unknown}
 w - a scroll of magic mapping
 y - 2 scrolls of noise {unknown}
 C - a scroll of immolation {unknown}
 D - a scroll of torment {unknown}
Potions
 i - a potion of haste
 m - 2 potions of ambrosia
 p - a potion of lignification
 q - 4 potions of curing
 x - a potion of mutation
 A - a potion of stabbing
 F - a potion of magic {unknown}
Comestibles
 d - 6 rations
 s - 8 chunks of flesh


   Skills:
 + Level 6.6 Fighting
 - Level 1.7 Throwing
 - Level 2.4 Dodging
 + Level 3.9 Shields
 * Level 10.3 Unarmed Combat
 + Level 6.4 Invocations
 + Level 1.1 Evocations


You had 9 spell levels left.
You didn't know any spells.
Your spell library contained the following spells:

 Spells                   Type           Power        Failure   Level  Hunger
 Animate Skeleton         Necr           N/A          100%        1    ##.....
 Apportation              Tloc           #.....       100%        1    ##.....
 Corona                   Hex            #......      100%        1    ##.....
 Summon Small Mammal      Summ           #...         100%        1    ##.....


Dungeon Overview and Level Annotations

Branches:
Dungeon (8/15)             Temple (0/1) D:5
   Lair: D:8-11

Altars:
Cheibriados
Elyvilon
Fedhas
Makhleb
Nemelex Xobeh
Okawaru
Ru
Vehumet
Wu Jian
The Shining One


Innate Abilities, Weirdness & Mutations

You have razor-sharp teeth.
Your natural rate of healing is unusually fast.
When hurt, damage is shared between your health and your magic reserves.
Your bite disrupts and absorbs the magic of your enemies.
Potions cannot restore your health.
You are immune to rotting.


Message History

The leopard gecko hisses angrily.
You block the leopard gecko's attack.
Items here: ) [ รทรทรท a +0 dagger; a +0 ring mail; an orc skeleton x2; a hound skeleton Quiver which item? (- for none, * to show all) (? for menu, Esc to quit)
Quivering
c - 2 throwing nets for throwing.
Throwing (i - inventory. (/) - cycle)
c - 2 throwing nets (quivered)
Press: ? - help, Shift-Dir - straight line, f - two-headed ogre
Aim: a two-headed ogre, wielding two +0 giant spiked clubs (heavily wounded)
You throw a throwing net.
The throwing net barely misses the two-headed ogre.
Throwing (i - inventory. (/) - cycle)
c - a throwing net (quivered)
Press: ? - help, Shift-Dir - straight line, f/p - two-headed ogre
Aim: a two-headed ogre, wielding two +0 giant spiked clubs (heavily wounded)
You throw a throwing net.
The throwing net closely misses the two-headed ogre.
The two-headed ogre hits you with a +0 giant spiked club!!
* * * LOW HITPOINT WARNING * * *
The two-headed ogre hits you with a +0 giant spiked club!
You die...

#......##.......# ####
#......##.......# ...###
#......##.......#
##...#####
#......##.......#
####.....##
#......##.......#
########<.##
#..######.......# ..#
##..###..# #.......#
#.##
##......######.....###
#..#
##.....@Ol).......######
##.# ##
#.#.######)............
##.##..##...#.#
#.........#..##
..........##.##
#####.....##.#.
.......#.....#
#..........
.......##....#
#..........
.............#
#.......... ......#....#
#.......... ....>.#....#
#.........#


You could see a two-headed ogre and a leopard gecko.

Vanquished Creatures
  Grinder (D:3)
  3 hippogriffs
  A wyvern (D:8)
  2 sky beasts
  4 phantoms
  A black bear (D:6)
  A necrophage (D:7)
  4 ogres
  3 centaurs
  4 bullfrogs
  A wyvern zombie (D:7)
  3 scorpions
  5 wights
  A howler monkey (D:4)
  A bullfrog zombie (D:6)
  A quasit (D:8)
  A gnoll shaman (D:5)
  3 hounds
  2 jellies
  An orc priest (D:5)
  3 bullfrog skeletons
  Ijyb (D:3)
  A centaur skeleton (D:8)
  Natasha (thrice) (D:4)
  An iguana (D:4)
  4 orc wizards
  6 worker ants
  A hound skeleton (D:5)
  A worker ant zombie (D:8)
  9 gnolls
  A howler monkey skeleton (D:6)
  15 adders
  2 shadow imps
  4 white imps
  2 ufetubi
  An adder skeleton (D:6)
  An adder zombie (D:7)
  6 worms
  A dart slug (D:1)
  5 leopard geckos
  19 orcs
  5 bats
  10 giant cockroaches
  9 goblins
  10 hobgoblins
  10 jackals
  3 kobolds
  2 quokkas
  2 ball pythons
  9 frilled lizards
  A leopard gecko zombie (D:5)
  5 rats
196 creatures vanquished.

Notes
Turn   | Place    | Note
-------+----------+-------------------------------------------
     0 | D:1      | GordonOverkill the Vine Stalker Gladiator began the quest
                  | for the Orb.
     0 | D:1      | Reached XP level 1. HP: 11/11 MP: 2/2
   197 | D:1      | Reached XP level 2. HP: 15/15 MP: 3/3
   398 | D:1      | You fall into a shaft and drop 1 floor!
   415 | D:2      | Reached XP level 3. HP: 18/18 MP: 4/4
   561 | D:2      | Found a radiant altar of Vehumet.
   610 | D:2      | Reached skill level 4 in Unarmed Combat
   899 | D:2      | Gained mutation: Your natural rate of healing is unusually
                  | fast. [Vine Stalker growth]
   899 | D:2      | Reached XP level 4. HP: 20/23 MP: 5/5
  1371 | D:2      | Found a sacrificial altar of Ru.
  1371 | D:2      | Found an iron altar of Okawaru.
  1376 | D:2      | Found a white marble altar of Elyvilon.
  1379 | D:2      | Became a worshipper of Warmaster Okawaru
  1382 | D:2      | Found a burning altar of Makhleb.
  1384 | D:2      | Found a glowing golden altar of the Shining One.
  1747 | D:3      | Noticed Ijyb
  1769 | D:3      | Killed Ijyb
  1769 | D:3      | Reached XP level 5. HP: 27/28 MP: 6/6
  1842 | D:3      | Reached skill level 1 in Invocations
  1896 | D:3      | Reached skill level 5 in Unarmed Combat
  1938 | D:3      | Noticed Grinder
  1964 | D:3      | Killed Grinder
  1964 | D:3      | Reached * piety under Okawaru
  1964 | D:3      | Reached XP level 6. HP: 13/32 MP: 3/8
  2112 | D:3      | Reached skill level 6 in Unarmed Combat
  2112 | D:3      | Reached XP level 7. HP: 34/37 MP: 9/9
  2547 | D:4      | Reached ** piety under Okawaru
  3089 | D:4      | Reached skill level 7 in Unarmed Combat
  3284 | D:4      | Noticed Natasha
  3288 | D:4      | Killed Natasha
  3288 | D:4      | Gained mutation: You have razor-sharp teeth. [Vine Stalker
                  | growth]
  3288 | D:4      | Reached XP level 8. HP: 38/42 MP: 11/11
  3387 | D:5      | Entered Level 5 of the Dungeon
  3403 | D:4      | Noticed Natasha
  3409 | D:4      | Killed Natasha
  3424 | D:4      | Noticed Natasha
  3435 | D:4      | Killed Natasha
  4340 | D:5      | Reached *** piety under Okawaru
  4340 | D:5      | Reached skill level 8 in Unarmed Combat
  4341 | D:5      | Reached skill level 5 in Fighting
  4380 | D:5      | Found a staircase to the Ecumenical Temple.
  4747 | D:5      | Reached skill level 1 in Shields
  4880 | D:6      | Reached XP level 9. HP: 47/47 MP: 13/13
  4936 | D:6      | Received a gift from Okawaru
  4936 | D:6      | Reached skill level 5 in Invocations
  5157 | D:6      | Reached skill level 9 in Unarmed Combat
  5222 | D:6      | Found a snail-covered altar of Cheibriados.
  5583 | D:7      | Found an ornate altar of the Wu Jian Council.
  5630 | D:7      | Reached **** piety under Okawaru
  5737 | D:7      | Found a blossoming altar of Fedhas.
  6021 | D:7      | Reached skill level 10 in Unarmed Combat
  6021 | D:7      | Reached XP level 10. HP: 43/53 MP: 13/15
  6169 | D:8      | Found a sparkling altar of Nemelex Xobeh.
  6352 | D:8      | Reached skill level 1 in Evocations
  6365 | D:8      | Reached ***** piety under Okawaru
  6394 | D:8      | Noticed a two-headed ogre
  6429 | D:8      | Slain by a two-headed ogre

Illustrated notes

Levels and vault maps discovered:
D:1:      minmay_arrival_checkered_box, layout_basic, minmay_domino_2
D:2:      layout_loops_ring, old_standard_altar,
          chequers_temple_overflow_minitemple, minmay_box_of_dots
D:3:      layout_rooms, uniq_ijyb, uniq_grinder
D:4:      layout_loops_ring, first_ration, uniq_natasha
D:5:      layout_loops_ring, minmay_temple_entry_purple_smoke
D:6:      layout_basic, kennysheep_mini_moat
D:7:      layout_loops_ring, nicolae_overflow_hidden_temple,
          lemuel_crystal_altar, minmay_fractal_squares_gapless_5
D:8:      layout_rooms, grunt_dithmenos_shadows,
          yredelemnul_forgotten_temple_becter,
          nemelex_xobeh_ov_fountains_minmay, hangedman_ranch
          [blue_anna_fruit_fields]

Skill      XL: |  1  2  3  4  5  6  7  8  9 10 |
---------------+-------------------------------+-----
Fighting       | 2 3 4 5 6 |  6.6
Unarmed Combat | 4 5 6 7 8 10 | 10.3
Invocations    | 2 3 4 6 |  6.4
Shields        | 1 3 |  3.9
Evocations     | 1 |  1.1
Throwing       | |  1.7
Dodging        | |  2.4

Action                   |  1- 3 |  4- 6 |  7- 9 | 10-12 || total
-------------------------+-------+-------+-------+-------++-------
Melee: Unarmed           |    89 |   131 |   398 |    76 ||   694
       Bite              |    21 |    44 |   127 |    26 ||   218
       Punch             |     3 |     4 |     7 |       ||    14
Throw: Throwing net      |     1 |     6 |     2 |     2 ||    11
       Stone             |       |     9 |       |       ||     9
       Boomerang         |       |     8 |    59 |       ||    67
  Use: Scroll            |       |       |     7 |       ||     7
       Potion            |       |       |     4 |       ||     4
 Stab: Held in net/web   |       |     1 |       |       ||     1
  Eat: Chunk             |       |     4 |    13 |     1 ||    18
Armor: Leather armour    |    11 |       |       |       ||    11
       Ring mail         |     2 |       |       |       ||     2
       Chain mail        |    24 |    52 |   177 |    35 ||   288
Dodge: Dodged            |    37 |    46 |    90 |    12 ||   185
Block: Tower shield      |       |       |   108 |    62 ||   170

Table legend:
 A = Non-vault XP
 B = Vault XP
 C = Vault XP percentage of total XP
 D = Non-vault monster count
 E = Vault monster count
 F = Vault count percentage of total count
                 A         B        C        D         E       F
            +---------+---------+-------+---------+---------+-------
      Total |    5048 |     773 |  13.3 |     185 |      11 |   5.6
            +---------+---------+-------+---------+---------+-------
        D:1 |      22 |       0 |   0.0 |      12 |       0 |   0.0
        D:2 |      85 |       6 |   6.6 |      27 |       3 |  10.0
        D:3 |     238 |     320 |  57.3 |      30 |       2 |   6.2
        D:4 |     609 |      37 |   5.7 |      25 |       1 |   3.8
        D:5 |     760 |       0 |   0.0 |      32 |       0 |   0.0
        D:6 |    1152 |       0 |   0.0 |      21 |       0 |   0.0
        D:7 |    1232 |     410 |  25.0 |      19 |       5 |  20.8
        D:8 |     950 |       0 |   0.0 |      19 |       0 |   0.0
            +---------+---------+-------+---------+---------+-------
